 Dungeon Crawl Stone Soup version 0.31-a0-180-g519b7de00c (webtiles) character file.

Game seed: 13246534102627122040

252 innerfire43 the Poker (level 5, 0/42 HPs)
             Began as a Demonspawn Monk on June 19, 2023.
             Was a Priest of Okawaru.
             Slain by a jelly (3 damage)
             ... on level 4 of the Dungeon.
             The game lasted 00:04:03 (2865 turns).

innerfire43 the Poker (Demonspawn Monk)             Turns: 2865, Time: 00:04:04

Health: 0/42       AC: -2    Str: 17    XL:     5   Next: 89%
Magic:  5/5        EV: 13    Int: 12    God:    Okawaru [***...]
Gold:   185        SH:  0    Dex: 15    Spells: 4/4 levels left

rFire   . . .        a - +0 spear
rCold   . . .        d - orb {light}
rNeg    . . .        b - +0 robe
rPois   .            p - +1 helmet
rElec   .            s - +0 cloak
rCorr   .            o - +1 pair of gloves of the World {Rampage *Corrode Str+4}
SInv    .            (no boots)
Will    .....        (no amulet)
Stlth   +            (no ring)
HPRegen 0.27/turn    (no ring)
MPRegen 0.09/turn

%: corrode self (3%), rampage
@: corroded, glowing
A: claws 1, yellow scales 2, (demonic guardian 1)
a: Renounce Religion, Heroism


You were on level 4 of the Dungeon.
You worshipped Okawaru.
Okawaru was most pleased with you.
You visited 1 branch of the dungeon, and saw 4 of its levels.

You collected 185 gold pieces.

Inventory:

Hand Weapons
 a - a +0 spear (weapon)
 c - a +2 quarterstaff of chaos
 q - a +3 dagger
Armour
 b - a +0 robe (worn)
 d - an orb of light (worn)
 o - the +1 pair of gloves of the World (worn) {Rampage *Corrode Str+4}
   (You found it on level 2 of the Dungeon)

   Str:       It affects your strength (+4).
   *Corrode:  It may corrode you when you take damage.
   Rampage:   It bestows one free step when moving towards enemies.
 p - a +1 helmet (worn)
 s - a +0 cloak (worn)
Jewellery
 h - a ring of see invisible
 t - a ring of positive energy
Scrolls
 e - 4 scrolls of identify {unknown}
 f - a scroll of summoning {unknown}
 j - 2 scrolls of torment {unknown}
 m - a scroll of revelation {unknown}
 v - a scroll of noise {unknown}
 w - a scroll of fear {unknown}
Potions
 g - a potion of curing {unknown}
 i - 2 potions of enlightenment {unknown}
 k - a potion of brilliance {unknown}
 l - a potion of heal wounds {unknown}
 n - 2 potions of degeneration {unknown}
 r - a potion of cancellation {unknown}
 u - a potion of magic {unknown}


   Skills:
 + Level 4.2 Fighting
 * Level 4.7 Polearms
 + Level 3.5 Dodging
 - Level 0.4 Stealth


You had 4 spell levels left.
You didn't know any spells.
Your spell library was empty.

Dungeon Overview and Level Annotations

Branches:
Dungeon (4/15)
 Temple: D:4-7

Altars:
Dithmenos
Okawaru


Innate Abilities, Weirdness & Mutations

You have sharp fingernails.
You are mostly covered in yellow scales. (AC +3)
((A weak demonic guardian rushes to your aid.))


Message History

The hound misses you.
You puncture the hound!
You kill the hound!
Okawaru accepts your kill.
No target in view!
A jelly comes into view.
The jelly quivers.
A jelly is nearby!
You hit the jelly but do no damage.
Your hands burn!
The jelly closely misses you.
You puncture the jelly!
Your hands burn!
The jelly is heavily wounded.
The jelly hits you. The acid corrodes you!
You are splashed with acid!
You hit the jelly.
Your hands burn!
The jelly is heavily wounded.
The jelly closely misses you.
You hit the jelly but do no damage. The acid corrodes you!
Your hands burn!
Your corrosive artefact corrodes you!
The jelly is heavily wounded.
The jelly misses you.
You hit the jelly but do no damage.
Your hands burn!
The jelly is heavily wounded.
You hit the jelly but do no damage.
Your hands burn!
The jelly is heavily wounded.
The jelly hits you.
You are splashed with acid.
You hit the jelly but do no damage.
Your hands burn!
The jelly is heavily wounded.
The jelly hits you.
* * * LOW HITPOINT WARNING * * *
You are splashed with acid!
* * * LOW HITPOINT WARNING * * *
You hit the jelly but do no damage. The acid corrodes you!
Your hands burn!
* * * LOW HITPOINT WARNING * * *
The jelly is heavily wounded.
The jelly closely misses you.
You hit the jelly but do no damage.
Your hands burn!
* * * LOW HITPOINT WARNING * * *
The jelly is heavily wounded.
The jelly hits you.
You die...

##...†...............#...#.....##
#.................(####.........#
......<......................#.##
.#...........................###
...#..........###...........##
.....##.......####........###
.....# #......#.##.......†#
...#.# ...........##....### ...##
........@#.........# ..
.....#..J#........## ..
##...........# ............#
.....#####..## ......# ####
......## .....###


You could see a jelly.

Vanquished Creatures
  A phantom (D:3)
  Crazy Yiuf (D:2)
  A hound (D:4)
  4 adders
  An ufetubus (D:2)
  A dart slug (D:1)
  An orc (D:3)
  8 ball pythons
  8 bats
  11 endoplasms
  11 goblins
  7 hobgoblins
  9 kobolds
  3 quokkas
  2 frilled lizards
  4 rats
73 creatures vanquished.

Notes
Turn   | Place    | Note
-------+----------+-------------------------------------------
     0 | D:1      | innerfire43 the Demonspawn Monk began the quest for the
                  | Orb.
     0 | D:1      | Reached XP level 1. HP: 18/18 MP: 1/1
   145 | D:1      | Gained mutation: A weak demonic guardian rushes to your
                  | aid. [demonic ancestry]
   145 | D:1      | Reached XP level 2. HP: 24/24 MP: 2/2
   731 | D:1      | Gained mutation: You are partially covered in yellow
                  | scales. (AC +2) [demonic ancestry]
   731 | D:1      | Reached XP level 3. HP: 29/29 MP: 3/3
  1018 | D:2      | Found a runed translucent door.
  1019 | D:2      | Noticed Crazy Yiuf
  1302 | D:2      | Identified the +1 pair of gloves of the World {Rampage
                  | *Corrode Str+4}
  1503 | D:2      | Found a faded altar of an unknown god.
  1541 | D:2      | Prayed at the altar of an unknown god.
  1541 | D:2      | Became a worshipper of Warmaster Okawaru
  1541 | D:2      | Reached * piety under Okawaru
  1541 | D:2      | Reached ** piety under Okawaru
  1703 | D:2      | Gained mutation: You have sharp fingernails. [demonic
                  | ancestry]
  1703 | D:2      | Reached XP level 4. HP: 34/37 MP: 4/4
  2034 | D:2      | Killed Crazy Yiuf
  2478 | D:3      | Found a shadowy altar of Dithmenos.
  2595 | D:3      | Noticed a phantom
  2625 | D:3      | Killed a phantom
  2625 | D:3      | Reached *** piety under Okawaru
  2626 | D:3      | Gained mutation: You are mostly covered in yellow scales.
                  | (AC +3) [demonic ancestry]
  2626 | D:3      | Reached XP level 5. HP: 39/42 MP: 5/5
  2865 | D:4      | Slain by a jelly

Illustrated notes

Levels and vault maps discovered:
D:1:      wander_arrival_desolate, layout_basic
D:2:      layout_loops_cross, hellmonk_ecumenical_altar_heavens_door,
          minmay_quadrilaterals, uniq_crazy_yiuf_cottage
D:3:      layout_basic, mainiacjoe_overflow_paths, grunt_ministairs_7
D:4:      dreamdust_elfheim, layout_cave_pools, temple_doors_e, uniq_grinder

Skill      XL: |  1  2  3  4 |
---------------+-------------+-----
Polearms       | 3 4 |  4.7
Dodging        | 3 |  3.5
Fighting       | 4 |  4.2
Stealth        | |  0.4

Action                     |  1- 3 |  4- 6 || total
---------------------------+-------+-------++-------
  Melee: Spear             |   146 |   119 ||   265
    Use: Potion            |       |     1 ||     1
   Stab: Sleeping          |     1 |       ||     1
 Armour: Robe              |    23 |    25 ||    48
  Dodge: Dodged            |    72 |    66 ||   138

Table legend: (Time is in decaauts)
 A = Elapsed time spent in this place.
 B = Non-inter-level travel time spent in this place.
 C = Inter-level travel time spent in this place.
 D = Time resting spent in this place.
 E = Time spent auto-exploring this place.
 F = Levels seen in this place.
 G = Mean time per level.
                   A        B        C        D        E       F      G
               +--------+--------+--------+--------+--------+-----+--------+
         Total |   2832 |   2693 |    139 |      0 |   2199 |   4 |  708.0 |
       Dungeon |   2832 |   2693 |    139 |      0 |   2199 |   4 |  708.0 |
               +--------+--------+--------+--------+--------+-----+--------+

Top non-repeatable levels by time:
     D:2: 1173 daAuts
     D:1: 1000 daAuts
     D:3: 539 daAuts
     D:4: 118 daAuts
